 Dungeon Crawl Stone Soup version 0.21.1-1-g345015f (webtiles) character file.

1403 Iko the Skirmisher (level 8, -2/66 HPs)
             Began as a Vine Stalker Berserker on May 1, 2018.
             Was a Believer of Trog.
             Slain by an orc warrior
             ... wielding a +0 dire flail of draining
              (7 damage)
             ... on level 1 of the Orcish Mines.
             The game lasted 00:14:31 (1379 turns).

Iko the Skirmisher (Vine Stalker Berserker)         Turns: 1379, Time: 00:14:34

Health: -2/66      AC: 14    Str: 26    XL:     8   Next: 69%
Magic:  0/9        EV:  8    Int:  9    God:    Trog [**....]
Gold:   147        SH:  0    Dex: 13    Spells: 7/7 levels left

rFire    . . .     SeeInvis .   p - +0 morningstar
rCold    . . .     Gourm    .   (no shield)
rNeg     . . .     Faith    .   h - +4 chain mail
rPois    .         Spirit   +   (no helmet)
rElec    .         Reflect  .   (no cloak)
rCorr    .         Harm     .   (no gloves)
MR       ++++.                  n - +1 pair of boots
Stlth    ..........             m - amulet of regeneration
HPRegen  2.01/turn              b - ring of protection from magic
MPRegen  0.11/turn              (no ring)

@: berserking, regenerating, very heavily drained, very quick
A: fangs 3, regeneration 1, magic shield, antimagic bite, no potion heal 3, rot
immunity
a: Berserk, Trog's Hand, Burn Spellbooks, Renounce Religion


You were on level 1 of the Orcish Mines.
You worshipped Trog.
Trog was pleased with you.
You were very hungry.

You visited 2 branches of the dungeon, and saw 9 of its levels.

You collected 147 gold pieces.

Inventory:

Hand Weapons
 p - a +0 morningstar (weapon)
 r - a +0 shortbow
 u - a +0 giant club
Armour
 d - a +1 pair of boots
 h - a +4 chain mail (worn)
 n - a +1 pair of boots (worn)
Jewellery
 b - a ring of protection from magic (left hand)
 m - an amulet of regeneration (around neck)
Wands
 l - a wand of iceblast (11)
Scrolls
 a - a scroll of acquirement
 i - a scroll of enchant weapon {unknown}
 j - a scroll of amnesia {unknown}
 k - a scroll of enchant armour {unknown}
 t - a scroll of brand weapon {unknown}
Potions
 e - a potion of heal wounds
 f - 2 potions of curing
 g - a potion of magic
 o - a potion of brilliance
 q - a potion of might
 s - a potion of flight {unknown}
Comestibles
 c - 2 rations


   Skills:
 + Level 5.4(2.1) Fighting
 + Level 4.6(1.3) Maces & Flails
   Level 4.0(0.8) Polearms
 + Level 4.7(1.4) Armour
 + Level 3.2(0.0) Dodging
 + Level 0.2(0.0) Stealth


You had 7 spell levels left.
You didn't know any spells.

Dungeon Overview and Level Annotations

Branches:
Dungeon (10/15)               Orc (1/2) D:10
 Temple: D:4-7         Lair: D:8-11

Altars:

Shops:
D:6 %


Innate Abilities, Weirdness & Mutations

You have razor-sharp teeth.
Your natural rate of healing is unusually fast.
When hurt, damage is shared between your health and your magic reserves.
Your bite disrupts and absorbs the magic of your enemies.
Potions cannot restore your health.
You are immune to rotting.


Message History

The orc wizard looks encouraged for a moment.
The warg closely misses you. The orc barely misses you.
The orc warrior hits you but does no damage.
You feel drained.
You closely miss the orc wizard. Your bite misses the orc wizard.
The orc wizard hits you but does no damage.
You feel drained. The warg bites you but does no damage.
The orc closely misses you. The orc wizard closely misses you.
The orc warrior hits you with a dire flail of draining.
* * * LOW HITPOINT WARNING * * *
You feel drained. The orc hits you but does no damage. The warg bites you.
* * * LOW HITPOINT WARNING * * *
You barely miss the orc wizard. You bite the orc wizard.
The orc wizard's magic leaks into the air.
You drain its magic.
You feel invigorated.
The orc wizard is heavily wounded.
The orc hits you but does no damage. The warg bites you!
* * * LOW HITPOINT WARNING * * *
The orc warrior hits you with a dire flail of draining!
You die...

.....†..###...............#
..##..<..#.....#.....##...#
........###...............#
.......##..##...........###
#.....#...........#.....#
##...##...............###
##.#..................# ##
...##.....#o...#.## ..
..#..o@o.#### #..hoo.#
##..h.## ##..## #o## oo #..
... ##.


You could see 2 wargs, an orc warrior, 3 orc wizards and 4 orcs.

Vanquished Creatures
  A two-headed ogre (Orc:1)
  A centaur skeleton (D:10)
  An ogre (Orc:1)
  A bullfrog (D:10)
  The ghost of Mirai the Sneak, a weakling KoEn (D:3)
  A bullfrog zombie (D:7)
  2 jellies (D:10)
  A gnoll shaman (D:6)
  A hound (D:7)
  2 orc priests (Orc:1)
  3 adders
  6 gnolls
  A shadow imp (D:6)
  An ooze (D:3)
  A worm (D:3)
  A leopard gecko (D:3)
  An orc (Orc:1)
  5 bats
  A giant cockroach (D:4)
  2 hobgoblins
  A kobold (D:1)
  A quokka (D:3)
  A frilled lizard (D:3)
  3 rats
40 creatures vanquished.

Notes
Turn   | Place    | Note
-------+----------+-------------------------------------------
     0 | D:1      | Iko the Vine Stalker Berserker began the quest for the Orb.
     0 | D:1      | Reached XP level 1. HP: 11/11 MP: 2/2
   169 | D:1      | Reached XP level 2. HP: 5/16 MP: 3/3
   259 | D:3      | Reached skill level 3 in Fighting
   276 | D:3      | Reached XP level 3. HP: 11/20 MP: 4/4
   420 | D:3      | Noticed Mirai's ghost (weakling KoEn)
   429 | D:3      | Killed Mirai's ghost
   429 | D:3      | Gained mutation: Your natural rate of healing is unusually fast. [Vine Stalker growth]
   429 | D:3      | Reached XP level 4. HP: 21/24 MP: 5/5
   689 | D:5      | Entered Level 5 of the Dungeon
   783 | D:7      | Noticed a phantom
   832 | D:6      | Found Uruheh's Food Emporium.
   839 | D:6      | Reached ** piety under Trog
   849 | D:6      | Reached XP level 5. HP: 24/28 MP: 4/6
   913 | D:7      | Noticed an orc warrior
   921 | D:7      | You fall through a shaft for 3 floors!
   921 | D:10     | Entered Level 10 of the Dungeon
  1077 | D:10     | Reached skill level 4 in Fighting
  1077 | D:10     | Reached XP level 6. HP: 33/33 MP: 7/7
  1150 | D:10     | Identified a scroll of acquirement
  1155 | D:10     | Reached XP level 7. HP: 38/38 MP: 8/8
  1225 | D:10     | Found a staircase to the Orcish Mines.
  1237 | Orc:1    | Entered Level 1 of the Orcish Mines
  1279 | Orc:1    | Noticed a two-headed ogre
  1283 | Orc:1    | HP: 1/57 [two-headed ogre/giant club (2)]
  1288 | Orc:1    | HP: 1/57 [two-headed ogre/giant club (2)]
  1291 | Orc:1    | Killed a two-headed ogre
  1291 | Orc:1    | Reached skill level 5 in Fighting
  1291 | Orc:1    | Gained mutation: You have razor-sharp teeth. [Vine Stalker growth]
  1291 | Orc:1    | Reached XP level 8. HP: 3/44 MP: 2/9
  1379 | Orc:1    | Slain by an orc warrior

Skill      XL: |  1  2  3  4  5  6  7 |
---------------+----------------------+-----
Polearms       | 3 4 |  4.0
Fighting       | 3 4 5 |  5.4
Armour         | 2 3 4 |  4.7
Dodging        | 2 3 |  3.2
Maces & Flails | 2 4 |  4.6
Stealth        | |  0.2

Action                   |  1- 3 |  4- 6 |  7- 9 || total
-------------------------+-------+-------+-------++-------
Melee: Spear             |    61 |     2 |       ||    63
       Bite              |    15 |    27 |    13 ||    55
       Trident           |       |    44 |       ||    44
       Morningstar       |       |    18 |    39 ||    57
       Halberd           |       |     2 |       ||     2
Invok: Berserk           |       |     1 |     2 ||     3
       Trog's Hand       |       |       |     1 ||     1
  Use: Potion            |     1 |       |       ||     1
       Scroll            |       |     1 |     5 ||     6
  Eat: Ration            |       |     1 |       ||     1
Armor: Chain mail        |    32 |    64 |    25 ||   121
       Animal skin       |     2 |       |       ||     2
Dodge: Dodged            |    47 |    41 |    24 ||   112
